 Dungeon Crawl Stone Soup version 0.27.1-33-g824d729ab1 (webtiles) character file.

Game seed: 17512122302205118946

333 tanglemaster the Skirmisher (level 6, -7/41 HPs)
             Began as a Tengu Transmuter on Dec 24, 2021.
             Was an Initiate of Cheibriados.
             Splashed by a jelly's acid (8 damage)
             ... on level 4 of the Dungeon.
             The game lasted 00:02:52 (4271 turns).

tanglemaster the Skirmisher (Tengu Transmuter)      Turns: 4271, Time: 00:02:53

Health: -7/41      AC: -5    Str: 13    XL:     6   Next: 53%
Magic:  0/10       EV: 14    Int: 15    God:    Cheibriados [......]
Gold:   204        SH:  0    Dex: 15    Spells: 8/9 levels left

rFire    . . .     SeeInvis .     - Unarmed
rCold    . . .     Faith    .   (no shield)
rNeg     . . .     Spirit   +   a - +0 robe
rPois    .         Reflect  .   (helmet restricted)
rElec    .         Harm     .   (no cloak)
rCorr    .         Rampage  .   i - +0 pair of gloves
Will     .....                  (boots unavailable)
Stlth    +.........             b - amulet of guardian spirit
HPRegen  0.13/turn              (no ring)
MPRegen  0.12/turn              (no ring)

@: about to teleport, corroded, flying quickly and evasively, slow
A: beak, talons 3, nimble flight
a: Renounce Religion, Bend Time


You were on level 4 of the Dungeon.
You worshipped Cheibriados.
Cheibriados was noncommittal.
You visited 2 branches of the dungeon, and saw 5 of its levels.

You collected 204 gold pieces.

Inventory:

Armour
 a - a +0 robe (worn)
 i - a +0 pair of gloves (worn)
Jewellery
 b - an amulet of guardian spirit (around neck)
 g - a ring of see invisible
Scrolls
 c - 3 scrolls of identify {unknown}
 d - a scroll of teleportation
 e - a scroll of amnesia {unknown}
 f - 2 scrolls of enchant armour {unknown}
Potions
 j - 2 potions of brilliance


   Skills:
 + Level 6.1 Fighting
 - Level 2.1 Dodging
 - Level 3.9 Unarmed Combat
 - Level 2.0 Spellcasting
 - Level 1.5 Transmutations


You had 8 spell levels left.
You knew the following spells:

 Your Spells              Type           Power      Damage    Failure   Level
a - Beastly Appendage     Tmut           12%        N/A       12%         1

Your spell library contained the following spells:

 Spells                   Type           Power      Damage    Failure   Level
 Wereblood                Tmut           6%         N/A       19%         2
 Foxfire                  Conj/Fire      4%         2x1d4     22%         1
 Slow                     Hex            1%         N/A       32%         2
 Spider Form              Tmut/Pois      1%         N/A       43%         3
 Confusing Touch          Hex            1%         N/A       54%         3
 Conjure Flame            Conj/Fire      1%         6-21      54%         3
 Inner Flame              Hex/Fire       1%         N/A       54%         3
 Vampiric Draining        Necr           0%         2d6       54%         3
 Ice Form                 Ice/Tmut       3%         N/A       85%         4


Dungeon Overview and Level Annotations

Branches:
Dungeon (4/15)             Temple (1/1) D:4

Altars:
Cheibriados
Dithmenos
Fedhas
Gozag
Kikubaaqudgha
Sif Muna
Uskayaw
Xom
Zin

Annotations:
D:2 1 runed translucent door, Crazy Yiuf
D:4 Robin


Innate Abilities, Weirdness & Mutations

You have a beak for a mouth.
You have claws for feet.
Your magical nature lets you fly swiftly and evasively.


Message History

You barely miss the kobold. The kobold barely misses you.
You barely miss the kobold. The kobold barely misses you.
There are monsters nearby!
You hit the kobold but do no damage. The kobold hits you with a +0 dagger.
You hit the kobold.
You kill the kobold!
Cheibriados appreciates the change of pace.
Found a stone staircase leading up.
The jelly hits you but does no damage. The jelly hits you.
The acid corrodes you!
You are splashed with acid!
Things that are here:
a +0 dagger; a kobold corpse
Casting: Beastly Appendage (safe; 12% risk of failure)
Confirm with . or Enter, or press ? or * to list all spells.
You don't know that spell.
You barely miss the jelly. Your kick misses the jelly.
The jelly barely misses you.
You hit the jelly. The acid corrodes you!
Your hands burn!
You claw the jelly, but do no damage.
The jelly is moderately wounded.
The jelly closely misses you.
You hit the jelly.
Your hands burn!
You peck the jelly, but do no damage.
The jelly is heavily wounded.
You hit the jelly.
Your hands burn!
You claw the jelly.
The jelly is severely wounded.
The jelly hits you.
You are splashed with acid!
* * * LOW HITPOINT WARNING * * *
You hit the jelly but do no damage.
Your hands burn!
* * * LOW HITPOINT WARNING * * *
You claw the jelly, but do no damage.
The jelly is severely wounded.
The jelly hits you.
* * * LOW HITPOINT WARNING * * *
You are splashed with acid!
* * * LOW HITPOINT WARNING * * *
Okay, then.
As you read the scroll of teleportation, it crumbles to dust.
You feel strangely unstable. The jelly hits you.
* * * LOW HITPOINT WARNING * * *
You are splashed with acid!
You die...

..#...........#
#.####.### #..
..###.##....### #.#
#.# #..
.#...####.#.#####.#
#.# #.# .#####
#.#.......# #.# #
## #.######### #.#
#+# ######.#
#......# #
####.###### ##
#.J@...# .####
......##...# ....+
<.... ....# . .####
.... #....# . ##
... #....# ## # ..
###..# . ..# ..#


You could see a jelly.

Vanquished Creatures
  Grinder (D:4)
  3 adders
  A worm (D:2)
  A dart slug (D:2)
  2 orcs
  7 endoplasms
  4 giant cockroaches
  14 goblins
  7 hobgoblins
  2 jackals (D:4)
  3 quokkas
  8 ball pythons
  9 bats
  A frilled lizard (D:2)
  8 kobolds
  5 rats
76 creatures vanquished.

Notes
Turn   | Place    | Note
-------+----------+-------------------------------------------
     0 | D:1      | tanglemaster the Tengu Transmuter began the quest for the
                  | Orb.
     0 | D:1      | Reached XP level 1. HP: 12/12 MP: 4/4
   337 | D:1      | Reached XP level 2. HP: 16/16 MP: 6/6
  1330 | D:2      | Reached skill level 2 in Fighting
  1587 | D:2      | Found a runed translucent door.
  1588 | D:2      | Noticed Crazy Yiuf
  1610 | D:2      | Found a faded altar of an unknown god.
  1613 | D:2      | Reached XP level 3. HP: 18/21 MP: 7/7
  2109 | D:2      | Reached skill level 3 in Fighting
  2374 | D:3      | Found an opulent altar of Gozag.
  2410 | D:3      | Reached XP level 4. HP: 24/28 MP: 8/8
  3400 | D:4      | Found a blossoming altar of Fedhas.
  3665 | D:4      | Found a staircase to the Ecumenical Temple.
  3668 | D:4      | Noticed Grinder
  3680 | D:4      | Killed Grinder
  3681 | D:4      | Reached skill level 6 in Fighting
  3681 | D:4      | Gained mutation: Your magical nature lets you fly swiftly
                  | and evasively. [Tengu growth]
  3681 | D:4      | Reached XP level 5. HP: 36/36 MP: 9/9
  3681 | D:4      | Reached XP level 6. HP: 41/41 MP: 10/10
  3776 | Temple   | Entered the Ecumenical Temple
  3802 | Temple   | Became a worshipper of Cheibriados the Contemplative
  3857 | D:4      | Noticed Robin
  4270 | D:4      | HP: 1/41 [acid (8)]
  4271 | D:4      | Splashed by a jelly's acid

Illustrated notes

Levels and vault maps discovered:
D:1:      co_arrival_square_in_a_square_in_a_square, layout_basic
D:2:      layout_rooms, ebering_ecumenical_altar_box, grunt_decor_fettered,
          st_stairs_3, uniq_crazy_yiuf_cottage
D:3:      layout_loops_corners, nicolae_gozag_cash_rules_everything_around_me
D:4:      layout_loops_corners, mainiacjoe_overflow_alcove_1,
          lemuel_zombie_altar_yredelemnul, fedhas_ov_isle_minmay,
          minmay_temple_entry_statues, uniq_robin, uniq_grinder
Temple:   regret_index_temple_sphere_string

Skill      XL: |  1  2  3  4 |
---------------+-------------+-----
Fighting       | 2 3 6 |  6.1
Dodging        | |  2.1
Unarmed Combat | |  3.9
Spellcasting   | |  2.0
Transmutations | |  1.5

Action                   |  1- 3 |  4- 6 || total
-------------------------+-------+-------++-------
Melee: Unarmed           |   102 |    86 ||   188
       Kick              |    20 |    22 ||    42
       Peck              |    11 |     9 ||    20
 Cast: Beastly Appendage |       |     1 ||     1
  Use: Potion            |     2 |     3 ||     5
       Scroll            |       |     2 ||     2
 Stab: Sleeping          |     3 |       ||     3
Armor: Robe              |    16 |    22 ||    38
       Skin              |       |    13 ||    13
Dodge: Dodged            |    57 |    56 ||   113
